Map: Lost and Found LE

Players

Krypt

  • Race: Zerg Zerg
  • League: Platinum
  • Spawn Location: 1:00

Swatopluke - Winner!

  • Race: Protoss Protoss
  • League: Platinum
  • Spawn Location: 7:00

VOD

Have the link to the VOD?

Description

Time

  • Played on: Nov. 13, 2018, 3:32 p.m.
  • Length: 8:02
Show
View Real Time Build Order
Export as new Build Order

Krypt Zerg 

Build Orders: Pool First, Zergling Baneling 

Get SALT Encoding   

  12  0:01  Drone  
  13  0:10  Drone  
  14  0:17  Overlord  
  14  0:33  Spawning Pool  
  13  0:37  Drone  
  13  0:40  Drone  
  15  0:45  Drone  
  16  0:57  Extractor  
  15  1:12  Hatchery  
  14  1:24  Queen  
  16  1:33  Overlord  
  16  1:42  Zergling x4  
  18  2:22  Metabolic Boost  
  18  2:24  Drone x3  
  18  2:25  Drone, Queen  
  24  2:43  Drone  
  24  2:44  Drone x3  
  28  2:56  Spine Crawler  
  27  3:03  Zergling x2  
  27  3:04  Zergling x6  
  30  3:11  Zergling x4  
  30  3:42  Baneling Nest  
  28  3:57  Zergling x10  
  28  3:58  Zergling x4  
  28  3:59  Overlord  
  34  4:43  Zergling x2  
  34  4:44  Zergling x6  
  34  4:45  Overlord x2  
  38  4:51  Zergling x2  
  38  4:52  Zergling x10  
  44  4:55  Baneling x5  
  44  4:56  Baneling x4  
  44  4:57  Baneling  
  44  5:08  Zergling x10  
  49  5:15  Queen  
  49  5:18  Zergling x2  
  52  5:27  Zergling x6  
  43  5:32  Zergling x2  
  43  5:33  Zergling x2  
  34  6:04  Roach Warren  
  33  6:15  Hatchery  
  29  6:36  Zergling x2  
  29  6:37  Zergling x16  
  34  6:47  Zergling x2  
  34  6:48  Zergling x4  
  7  7:43  Drone  
Show
View Real Time Build Order
Export as new Build Order

Swatopluke Protoss - Winner!

Build Orders: Mass Adepts, Zealot Archon 

Get SALT Encoding   

  12  0:00  Probe  
  13  0:13  Probe  
  14  0:18  Pylon  
  14  0:25  Probe  
  15  0:34  Probe  
  15  0:38  Gateway  
  15  0:42  Probe  
  17  0:51  Probe  
  18  0:57  Gateway  
  18  1:03  Probe  
  19  1:06  Assimilator  
  19  1:14  Assimilator  
  19  1:15  Probe  
  20  1:25  Cybernetics Core  
  20  1:27  Probe  
  21  1:33  Pylon  
  21  1:39  Probe  
  22  1:44  Warp Gate  
  22  1:54  Adept  
  24  2:01  Adept  
  24  2:03  Probe  
  27  2:16  Twilight Council  
  27  2:18  Gateway  
  27  2:20  Probe  
  28  2:26  Adept  
  30  2:34  Pylon  
  30  2:36  Probe  
  31  2:52  Adept, Probe  
  36  3:22  Resonating Glaives  
  30  3:55  Adept, Probe  
  31  3:56  Adept x2, Nexus  
  37  4:16  Adept  
  39  4:21  Pylon  
  39  4:22  Gateway  
  35  4:32  Adept x2  
  39  4:39  Gateway  
  39  4:43  Gateway  
  39  4:45  Pylon  
  39  4:57  Adept x3  
  45  5:01  Probe  
  46  5:09  Templar Archives  
  46  5:13  Probe  
  47  5:17  Adept  
  44  5:30  Adept  
  44  5:31  Adept  
  45  5:54  High Templar x3  
  51  5:58  Archon  
  51  6:02  Probe x2  
  51  6:04  Assimilator  
  53  6:06  Shield Battery  
  53  6:08  Shield Battery  
  53  6:14  Probe x2  
  53  6:16  Adept  
  53  6:18  Charge  
  55  6:26  Probe  
  52  6:34  Zealot x2  
  52  6:36  Zealot  
  51  7:03  Adept x3  
  51  7:04  Adept x2  
  48  7:23  Adept  
Tags
 
Add a new tag
Caveats
  • Supply blocks, unpowered buildings, or Contaminate may cause inaccurate times.
  • Supply counts are checked every 10 seconds.